 Dungeon Crawl Stone Soup version 0.28.0-1-gb440e238dd (webtiles) character file.

Game seed: 3055720178778220484

102219 Bamboolord the Stormcaller (level 15, -1/94 HPs)
             Began as a Yellow Draconian Air Elementalist on Feb 19, 2022.
             Was the Champion of Hepliaklqana.
             Slain by a +1 war axe of electrocution (13 damage)
             ... on level 1 of the Elven Halls on Feb 21, 2022.
             The game lasted 02:49:53 (37371 turns).

Bamboolord the Stormcaller (DrAE)                  Turns: 37371, Time: 02:49:55

Health: -1/94      AC: 14    Str: 10    XL:     15   Next: 85%
Magic:  22/34      EV: 17    Int: 21    God:    Hepliaklqana [******]
Gold:   1697       SH:  5    Dex: 18    Spells: 8/44 levels left

rFire   + . .      SeeInvis .   a - +4 hand axe "Gaed" {drain, Will+++ rCorr Dex+4 Stlth+}
rCold   + . .      Faith    .   (no shield)
rNeg    . . .      Spirit   .   (armour unavailable)
rPois   +          Reflect  +   N - +2 hat
rElec   .          Harm     .   y - scarf {rC+ rF+}
rCorr   +          Rampage  .   x - +1 pair of gloves
Will    ++++.                   I - +0 pair of boots
Stlth   ++++......              w - amulet of reflection
HPRegen 0.25/turn               O - ring of wizardry
MPRegen 0.24/turn               W - ring of poison resistance

@: no status effects
A: reduced essence, spit acid, AC +9, unfitting armour, acidic bite,
cold-blooded, acid resistance
a: Breathe Acid, Renounce Religion, Recall Ancestor, Ancestor Identity,
Transference, Idealise


You were on level 1 of the Elven Halls.
You worshipped Hepliaklqana.
Hepliaklqana was exalted by your worship.
You visited 6 branches of the dungeon, and saw 24 of its levels.
You also visited: Sewer.

You collected 3160 gold pieces.
You spent 1463 gold pieces at shops.

Inventory:

Hand Weapons
 a - the +4 hand axe "Gaed" (weapon) {drain, Will+++ rCorr Dex+4 Stlth+}
   (You found it on level 10 of the Dungeon)

   A truly terrible weapon, it drains the life of any living foe it strikes.
   Dex:       It affects your dexterity (+4).
   rCorr:     It protects you from acid and corrosion.
   Will:      It greatly increases your willpower.
   Stlth:     It makes you more stealthy.
 b - a +3 scimitar of flaming
 k - the +6 short sword "Jimaelamn" {venom, rElec}
   (You bought it in a shop on level 2 of the Orcish Mines)

   It poisons the flesh of those it strikes.
   rElec:     It insulates you from electricity.
Missiles
 z - 5 throwing nets
 B - 2 silver boomerangs
Armour
 x - a +1 pair of gloves (worn)
 y - a scarf of resistance (worn)
 I - a +0 pair of boots (worn)
 N - a +2 hat (worn)
Jewellery
 e - a +4 ring of evasion
 l - a +4 ring of protection
 o - a ring of ice
 v - a ring of wizardry
 w - an amulet of reflection (around neck)
 O - a ring of wizardry (left hand)
 S - a ring of fire
 U - a +4 ring of evasion
 W - a ring of poison resistance (right hand)
 X - a +6 ring of intelligence
Wands
 h - a wand of polymorph (14)
 n - a wand of paralysis (4)
 q - a wand of digging (12)
 r - a wand of acid (13)
 t - a wand of flame (50)
 F - a wand of charming (19)
 L - a wand of iceblast (5)
Scrolls
 p - 3 scrolls of vulnerability
 A - a scroll of magic mapping
 E - 6 scrolls of amnesia
 G - a scroll of teleportation
 P - 2 scrolls of immolation
 Q - a scroll of silence
 R - 4 scrolls of holy word
 T - 2 scrolls of enchant armour
Potions
 c - 7 potions of flight
 d - 2 potions of lignification
 f - 11 potions of brilliance
 g - 2 potions of resistance
 i - 6 potions of attraction
 j - 3 potions of mutation
 m - 10 potions of curing
 s - 3 potions of haste
 C - 3 potions of cancellation
 D - a potion of might
 H - 3 potions of invisibility
 J - a potion of ambrosia
 K - 2 potions of magic
 M - 3 potions of heal wounds


   Skills:
 - Level 2.4 Fighting
 * Level 9.0 Dodging
 + Level 3.7 Stealth
 * Level 7.1 Shields
 * Level 15.0 Spellcasting
 * Level 10.5 Conjurations
 + Level 0.9 Hexes
 * Level 6.7 Translocations
 * Level 15.5 Air Magic
 * Level 7.3 Invocations


You had 8 spell levels left.
You knew the following spells:

 Your Spells              Type           Power      Damage    Failure   Level
a - Shock                 Conj/Air       100%       1d9       0%          1
b - Swiftness             Air            69%        N/A       0%          3
c - Static Discharge      Conj/Air       63%        N/A       1%          2
d - Airstrike             Air            34%        N/A       1%          4
e - Maxwell's Capacitive  Air            34%        ∞         16%         8
f - Poisonous Vapours     Pois/Air       96%        N/A       1%          2
g - Sticky Flame          Conj/Fire      37%        2d6       1%          4
h - Iskenderun's Mystic   Conj/Tloc      51%        2d11      1%          4
i - Fulminant Prism       Conj/Hex       20%        3d13      1%          4
j - Summon Lightning Spi  Summ/Air       48%        N/A       1%          4

Your spell library contained the following spells:

 Spells                   Type           Power      Damage    Failure   Level
 Pain                     Necr           60%        1d7       1%          1
 Corpse Rot               Necr/Air       96%        N/A       1%          2
 Conjure Flame            Conj/Fire      37%        6-21      1%          3
 Hailstorm                Conj/Ice       37%        3d9       1%          4
 Freezing Cloud           Conj/Ice/Air   25%        6-21      1%          5
 Confusing Touch          Hex            19%        N/A       3%          3
 Tukima's Dance           Hex            19%        N/A       3%          3
 Ignite Poison            Fire/Tmut/Pois 15%        N/A       4%          3
 Fireball                 Conj/Fire      18%        3d9       4%          5
 Anguish                  Hex/Necr       8%         N/A       12%         4
 Dispel Undead            Necr           15%        3d10      16%         4
 Orb of Destruction       Conj           28%        9d9       17%         7
 Starburst                Conj/Fire      18%        6d7       26%         6
 Yara's Violent Unravell  Hex/Tmut       8%         3d5       32%         5
 Agony                    Necr           15%        N/A       38%         5
 Excruciating Wounds      Necr           7%         N/A       38%         5
 Lee's Rapid Deconstruct  Erth           7%         3d8*      38%         5
 Storm Form               Tmut/Air       24%        N/A       45%         7
 Enfeeble                 Hex            9%         N/A       100%        7
 Borgnjor's Revivificati  Necr           7%         N/A       100%        8
 Ignition                 Fire           7%         3d5       100%        8
 Necromutation            Tmut/Necr      7%         N/A       100%        8
 Death's Door             Necr           7%         N/A       100%        9


Dungeon Overview and Level Annotations

Branches:
Dungeon (14/15)            Temple (1/1) D:5            Lair (5/6) D:9
  Swamp (0/4) Lair:4        Snake (1/4) Lair:2        Slime (0/5) Lair:5
    Orc (2/2) D:10            Elf (1/3) Orc:2        Vaults (0/5) D:13
  Sewer (visited)

Altars:
Ashenzari
Cheibriados
Dithmenos
Elyvilon
Fedhas
Gozag
Hepliaklqana
Kikubaaqudgha
Makhleb
Nemelex Xobeh
Okawaru
Qazlal
Ru
Sif Muna
Trog
Uskayaw
Vehumet
Wu Jian
Xom
Yredelemnul
Zin
The Shining One
Beogh

Shops:
D:3 !   D:8 =   D:10 [   D:11 *   Orc:1 [   Orc:2 ?(?=   Snake:1 (**:=

Portals:
Pandemonium: Orc:2

Annotations:
Lair:5 1 runed translucent door
Snake:1 3 runed translucent doors, mfcas's ghost, journeyman DECj


Innate Abilities, Weirdness & Mutations

Your life essence is reduced to manifest your ancestor. (-10% HP)
You can spit globs of acid.
Your golden yellow scales are hard. (AC +9)
You cannot fit into any form of body armour.
You have acidic saliva.
You are cold-blooded and may be slowed by cold attacks.
You are resistant to acid. (rCorr)


Message History

The +1 war axe of electrocution hits you but does no damage.
Casting: Summon Lightning Spire (mildly dangerous; 1% risk of failure)
Confirm with . or Enter, or press ? or * to list all spells.
Aiming: Sticky Flame (mildly dangerous; 1% risk of failure)
Press: ? - help, Shift-Dir - straight line, f - +1 war axe of electrocution
Aim: a +1 war axe of electrocution (lightly damaged, 100% to hit)
The sticky flame hits the +1 war axe of electrocution.
The +1 war axe of electrocution completely resists.
The +1 war axe of electrocution is lightly damaged.
The +1 war axe of electrocution is covered in liquid flames!
The +1 war axe of electrocution misses you.
The deep elf pyromancer casts a spell.
The deep elf pyromancer blinks!
The +1 war axe of electrocution hits you!
* * * LOW HITPOINT WARNING * * *
You feel much better.
The +1 war axe of electrocution hits you.
You block the deep elf pyromancer's attack.
You hear a loud twanging sound.
The +1 war axe of electrocution burns!
A deep elf pyromancer comes into view. It is wielding a +0 short sword.
The deep elf pyromancer misses you.
The +1 war axe of electrocution closely misses you.
The deep elf pyromancer points at you and mumbles some strange words.
The sticky flame hits you. You resist.
You are covered in liquid flames!
You feel better.
You are covered in liquid flames!
The +1 war axe of electrocution stops burning.
The +1 war axe of electrocution hits you.
The deep elf pyromancer mumbles some strange words.
The +1 war axe of electrocution hits you!!
* * * LOW HITPOINT WARNING * * *
As you read the scroll of summoning, it crumbles to dust.
Wisps of shadow whirl around you...
You are covered in liquid flames!
* * * LOW HITPOINT WARNING * * *
You are no longer on fire.
The +1 war axe of electrocution hits you!
You die...

#..# ...### ###
#....# #.. #.#.#.#
#.# # .. #..# #..
#.##. ##e####..# #.#
#####.#.# ........##
#.##########.....).#
###...e.#
###(.(....##.#.##.#.#
#(###.##
#E.e@.e.#.#.###.#.##.
.. ##.#
##e#####.#..##
##<.... ## #.###.##
##....# #.#####
##8.#..# #.###.#.#
#.###.^)e.## ##.# #.#
#.........# #.# #.#
###.###...## ##.# # #
#. ###.#.# #.##
#...>###.## ##.#


You could see 2 deep elf pyromancers, a fire elemental (summoned), a +1 war axe
of electrocution (ally target), a friendly deep elf pyromancer (summoned) and a
friendly +0 trident of pain (summoned).

Vanquished Creatures
  Rupert (D:13)
  Gastronok (Lair:2)
  An orc warlord (D:10)
  Azrael (D:13)
  Josephine (D:13)
  Harold (D:7)
  3 boulder beetles
  4 hydras
  2 demonspawn (Orc:2)
  2 naga warriors (Snake:1)
  A centaur warrior (D:14)
  5 anacondas
  2 two-headed ogres
  3 orc high priests (Orc:2)
  A soul eater (Orc:2)
  Pikel (D:9)
  A wizard (D:14)
  2 orc knights (Orc:2)
  A deep elf zephyrmancer (Elf:1)
  A deep elf pyromancer (D:13)
  6 ugly things (D:14)
  2 manticores
  3 orc sorcerers (Orc:2)
  2 cyclopes
  6 elephants
  A salamander (Snake:1)
  7 black mambas
  2 guardian serpents (Snake:1)
  2 naga magi (Snake:1)
  7 cane toads
  A gargoyle (D:12)
  4 orange demons
  An efreet (D:14)
  A red devil (D:10)
  A hellwing (Orc:2)
  8 komodo dragons
  8 trolls
  8 blink frogs
  2 hornets
  Grinder (D:3)
  3 dream sheep (Lair:4)
  3 slime creatures
  Sigmund (D:3)
  3 wraiths
  A wyvern (Lair:2)
  20 yaks
  A fire elemental (D:13)
  A fire bat (Lair:5)
  A steam dragon (D:8)
  2 vampire mosquitoes (D:12)
  2 wargs
  Edmund (D:4)
  7 nagas
  2 hell hounds (D:13)
  4 water moccasins
  Duvessa (D:4)
  2 black bears
  2 ice beasts
  14 orc warriors
  A sky beast (D:5)
  4 necrophages
  A wolf (Lair:2)
  3 ogres
  8 centaurs
  3 kobold brigands
  2 lemures (D:9)
  2 bullfrogs (Lair:2)
  4 scorpions
  A gnoll sergeant (D:5)
  Dowan (D:4)
  3 killer bees (D:8)
  2 howler monkeys (D:7)
  5 wights (D:7)
  2 hounds
  A jelly (D:4)
  3 centaur zombies (D:5)
  2 bullfrog skeletons
  22 orc priests
  A centaur skeleton (D:2)
  Jessica (D:3)
  3 gnoll shamans
  5 iguanas
  Ijyb (D:2)
  12 orc wizards
  A killer bee zombie (D:8)
  11 gnolls
  6 adders
  3 river rats (Sewer)
  An adder skeleton (D:2)
  3 worms
  5 dart slugs
  64 orcs
  7 ball pythons
  8 endoplasms
  3 giant cockroaches
  14 goblins
  6 hobgoblins
  6 jackals
  5 quokkas
  6 bats
  5 frilled lizards
  18 kobolds
  13 rats
457 creatures vanquished.

Vanquished Creatures (collateral kills)
  Nessos (D:13)
  A fire dragon (D:13)
  4 naga warriors (Snake:1)
  A vault guard (D:13)
  4 boulder beetles
  2 hydras
  An anaconda (Snake:1)
  2 centaur warriors
  2 two-headed ogres
  The ghost of Veteran the Thaumaturge, a journeyman DECj of Vehumet (D:10)
  3 orc high priests (Orc:2)
  A shock serpent (Snake:1)
  Nergalle (D:10)
  A salamander mystic (Snake:1)
  A bog body (Lair:4)
  2 deep elf pyromancers
  2 orc knights (Orc:2)
  4 ugly things (D:14)
  3 orc sorcerers
  3 oklob plants (Lair:5)
  A manticore (D:14)
  A cyclops (D:11)
  3 elephants (Lair:5)
  9 black mambas
  2 guardian serpents (Snake:1)
  A rust devil (Orc:2)
  4 naga magi (Snake:1)
  2 orange demons (D:10)
  3 cane toads
  2 gargoyles
  An unseen horror (D:12)
  A torpor snail (Lair:2)
  Maggie (D:8)
  7 komodo dragons
  2 hellwings (Orc:2)
  A red devil (D:10)
  3 trolls
  A polar bear (Lair:5)
  3 dream sheep (Lair:4)
  9 blink frogs
  3 slime creatures (D:12)
  A centaur simulacrum (D:10)
  2 wraiths (D:13)
  A wyvern (Lair:3)
  20 yaks
  3 fire bats (Lair:5)
  A fire elemental (D:13)
  A basilisk (D:14)
  2 wargs (D:9)
  A harpy simulacrum (D:14)
  10 nagas
  2 acid dragons (D:10)
  6 water moccasins
  14 orc warriors
  A black bear (shapeshifter) (D:14)
  An ogre (Orc:2)
  3 centaurs
  A lemure (D:9)
  5 bullfrogs
  A scorpion (Lair:3)
  A killer bee (D:8)
  3 centaur zombies
  A jelly (D:8)
  7 orc priests
  A gnoll shaman (D:7)
  An orc wizard (D:7)
  4 gnolls
  9 orcs
  A kobold (D:8)
204 creatures vanquished.

Vanquished Creatures (others)
  A deep elf pyromancer (Elf:1)
  An ancestor (D:7)
  28 battlemagi
  19 fulminant prisms
  21 fungi
  18 plants
  2 withered plants (D:10)
90 creatures vanquished.

Grand Total: 751 creatures vanquished

Notes
Turn   | Place    | Note
-------+----------+-------------------------------------------
     0 | D:1      | Bamboolord the Draconian Air Elementalist began the quest
                  | for the Orb.
     0 | D:1      | Reached XP level 1. HP: 14/14 MP: 3/3
   451 | D:1      | Reached XP level 2. HP: 20/20 MP: 1/5
  1070 | D:1      | Reached skill level 5 in Air Magic
  1070 | D:1      | Reached XP level 3. HP: 26/26 MP: 6/9
  1075 | D:1      | Learned a level 3 spell: Swiftness
  1078 | D:1      | Learned a level 2 spell: Static Discharge
  1272 | D:2      | Reached XP level 4. HP: 33/33 MP: 8/10
  1577 | D:2      | Noticed a black bear
  1607 | D:2      | Killed a black bear
  1608 | D:2      | Reached XP level 5. HP: 17/38 MP: 0/12
  1853 | D:2      | Learned a level 4 spell: Airstrike
  2238 | D:2      | Found a faded altar of an unknown god.
  2615 | D:3      | Noticed Ijyb
  2699 | D:3      | Reached XP level 6. HP: 45/45 MP: 8/13
  2708 | D:2      | Killed Ijyb
  2830 | D:3      | Noticed Jessica
  2832 | D:3      | Killed Jessica
  2833 | D:3      | Reached skill level 5 in Spellcasting
  2851 | D:3      | Noticed Grinder
  2879 | D:3      | Killed Grinder
  2880 | D:3      | Reached skill level 5 in Conjurations
  2880 | D:3      | Your scales start taking on a golden yellow colour.
  2880 | D:3      | Reached XP level 7. HP: 47/50 MP: 2/14
  2880 | D:3      | Gained mutation: You are resistant to acid. (rCorr) [Yellow
                  | Draconian growth]
  3430 | D:3      | Noticed Sigmund
  3470 | D:3      | Killed Sigmund
  3702 | D:3      | Found Femol Doi's Distillery.
  3707 | D:3      | Bought a potion of heal wounds for 50 gold pieces
  3707 | D:3      | Bought a potion of lignification for 30 gold pieces
  3875 | D:4      | Found a glowing drain.
  3889 | Sewer    | Entered a sewer
  4079 | Sewer    | Reached skill level 5 in Dodging
  4285 | Sewer    | Found a white marble altar of Elyvilon.
  4428 | D:4      | Reached XP level 8. HP: 53/57 MP: 10/16
  4631 | D:4      | Identified the +2 ring mail of the Iron City of Dis {+Inv
                  | rC+ Int+2}
  5165 | D:4      | Noticed Edmund
  5169 | D:4      | Killed Edmund
  5399 | D:5      | Entered Level 5 of the Dungeon
  5399 | D:5      | Noticed Duvessa
  5399 | D:5      | Noticed Dowan
  5407 | D:4      | Killed Duvessa
  5414 | D:4      | Killed Dowan
  5973 | D:5      | Found a staircase to the Ecumenical Temple.
  5979 | Temple   | Entered the Ecumenical Temple
  5991 | Temple   | Became a worshipper of Hepliaklqana the Forgotten
  6581 | D:5      | Reached XP level 9. HP: 44/62 MP: 4/19
  6851 | D:5      | Reached skill level 1 in Fighting
  7255 | D:5      | Noticed a troll
  7262 | D:5      | Killed a troll
  7588 | D:6      | You fall into a shaft and drop 3 floors!
  8104 | D:6      | Reached * piety under Hepliaklqana
  8162 | D:6      | Reached XP level 10. HP: 65/65 MP: 15/21
  8659 | D:6      | Found a shadowy altar of Dithmenos.
  8660 | D:6      | Found a basalt altar of Yredelemnul.
  8661 | D:6      | Found an ancient bone altar of Kikubaaqudgha.
  8662 | D:6      | Found a shimmering blue altar of Sif Muna.
  8725 | D:7      | Noticed Harold
  8736 | D:7      | Killed Harold
  8737 | D:7      | Reached skill level 1 in Invocations
  9100 | D:7      | Reached ** piety under Hepliaklqana
  9102 | D:7      | Remembered your ancestor Bamboswaldi as a battlemage
  9260 | D:7      | Learned a level 2 spell: Corpse Rot
  9263 | D:7      | Learned a level 2 spell: Poisonous Vapours
 10004 | D:8      | Identified the +1 robe of Ihiwoxtoq {+Inv rCorr Str-4}
 10135 | D:8      | Noticed Maggie
 10141 | D:8      | Killed Maggie
 10348 | D:8      | Found Pyopraex's Jewellery Emporium.
 10487 | D:8      | Reached *** piety under Hepliaklqana
 10837 | D:9      | Found a staircase to the Lair.
 11129 | D:9      | Noticed Pikel
 11138 | D:9      | Killed Pikel
 11139 | D:9      | Reached skill level 10 in Air Magic
 11301 | D:9      | Noticed a two-headed ogre
 11307 | D:9      | Killed a two-headed ogre
 11308 | D:9      | Reached skill level 1 in Shields
 11308 | D:9      | Reached XP level 11. HP: 71/71 MP: 19/24
 11548 | D:10     | Entered Level 10 of the Dungeon
 11715 | D:10     | Noticed Nergalle
 11721 | D:10     | Killed Nergalle
 11726 | D:10     | Found a snail-covered altar of Cheibriados.
 11894 | D:10     | HP: 1/71 [something (35)]
 12190 | D:10     | Found a staircase to the Orcish Mines.
 12492 | D:10     | Reached skill level 10 in Spellcasting
 12698 | D:10     | Found a blossoming altar of Fedhas.
 13018 | D:10     | Found a runed translucent door.
 13018 | D:10     | Noticed Veteran's ghost (journeyman DECj)
 13030 | D:10     | Killed Veteran's ghost
 13032 | D:10     | Identified the +4 hand axe "Gaed" {drain, Will+++ rCorr
                  | Dex+4 Stlth+}
 13129 | D:11     | Noticed a two-headed ogre
 13132 | D:11     | Killed a two-headed ogre
 13271 | D:11     | Learned a level 4 spell: Sticky Flame
 13362 | D:11     | Learned a level 4 spell: Iskenderun's Mystic Blast
 13431 | D:11     | Reached XP level 12. HP: 26/76 MP: 6/26
 13671 | D:11     | Found Durghyuno's General Store.
 13687 | D:11     | Noticed a two-headed ogre
 13696 | D:11     | Reached skill level 1 in Translocations
 13745 | D:11     | Killed a two-headed ogre
 14366 | D:11     | Learned a level 4 spell: Fulminant Prism
 14392 | D:12     | Noticed a two-headed ogre
 14398 | D:12     | Killed a two-headed ogre
 14567 | D:12     | Noticed an eight-headed hydra
 14571 | D:12     | Killed an eight-headed hydra
 14675 | D:12     | Reached **** piety under Hepliaklqana
 15701 | Orc:1    | Entered Level 1 of the Orcish Mines
 15701 | Orc:1    | Noticed an orc warlord
 15701 | Orc:1    | Found Dogu Kil's Antique Armour Emporium.
 15918 | D:10     | HP: 2/76 [orc warlord (21)]
 15929 | D:10     | Killed an orc warlord
 17190 | Orc:2    | Entered Level 2 of the Orcish Mines
 17534 | Orc:2    | Reached skill level 5 in Invocations
 17958 | Orc:2    | Reached XP level 13. HP: 80/81 MP: 3/28
 18287 | Orc:2    | Found Cocw's Magic Scroll Boutique.
 18289 | Orc:2    | Found Jalicec's Magic Scroll Shop.
 19174 | Orc:2    | Bought a scroll of acquirement for 728 gold pieces
 19174 | Orc:2    | Acquired 796 gold pieces
 21739 | Orc:2    | Found Nayts's Jewellery Shoppe.
 21739 | Orc:2    | Found Enoming's Antique Weapon Emporium.
 21740 | Orc:2    | Found a one-way gate leading to the halls of Pandemonium.
 21755 | Orc:2    | Bought a bloodstained short sword for 248 gold pieces
 21755 | Orc:2    | Identified the +6 short sword "Jimaelamn" {venom, rElec}
                  | (You bought it in a shop on level 2 of the Orcish Mines)
 21927 | Orc:2    | Found a staircase to the Elven Halls.
 22085 | Lair:1   | Entered Level 1 of the Lair of Beasts
 22277 | Lair:1   | Reached skill level 5 in Shields
 23298 | Lair:2   | Found a staircase to the Snake Pit.
 23962 | Lair:2   | Noticed Gastronok
 23972 | Lair:2   | Killed Gastronok
 24188 | Lair:2   | Learned a level 4 spell: Summon Lightning Spire
 24207 | Lair:2   | Gained mutation: You have acidic saliva. [Yellow Draconian
                  | growth]
 24207 | Lair:2   | Reached XP level 14. HP: 89/89 MP: 14/31
 24209 | Lair:2   | Reached skill level 5 in Translocations
 24869 | Lair:3   | Reached ***** piety under Hepliaklqana
 25669 | Lair:3   | Found a hide-covered altar of Uskayaw.
 25669 | Lair:3   | Found an ornate altar of the Wu Jian Council.
 26335 | Lair:4   | Found a hazy altar of Hepliaklqana.
 27552 | Lair:4   | Found a staircase to the Swamp.
 27844 | Lair:4   | Learned a level 8 spell: Maxwell's Capacitive Coupling
 28676 | Lair:5   | Found a runed translucent door.
 29257 | Lair:5   | Got the Disquisition on Congealing Battle Magic
 29418 | Lair:5   | Reached skill level 10 in Conjurations
 29543 | Lair:5   | Found a staircase to the Slime Pits.
 30279 | D:13     | Noticed Josephine
 30287 | D:13     | Killed Josephine
 30638 | D:13     | Noticed Rupert
 30648 | D:13     | Killed Rupert
 30649 | D:13     | Noticed Azrael
 30971 | D:13     | Killed Azrael
 30972 | D:13     | Reached XP level 15. HP: 38/94 MP: 22/33
 31316 | D:13     | Noticed Nessos
 31332 | D:13     | Killed Nessos
 31932 | D:13     | Found a gate to the Vaults.
 32942 | D:14     | Reached skill level 15 in Air Magic
 33526 | D:14     | Reached ****** piety under Hepliaklqana
 34054 | Snake:1  | Entered Level 1 of the Snake Pit
 34597 | Snake:1  | Found Dofforurgh's General Store.
 34600 | Snake:1  | Found Tenes's Specific Store.
 34606 | Snake:1  | Bought a scroll of blinking for 127 gold pieces
 34676 | Snake:1  | Found Essefowi's Book Shop.
 34776 | Snake:1  | Found Duekas's Jewellery Emporium.
 34871 | Snake:1  | Bought a ring of poison resistance for 280 gold pieces
 34987 | Snake:1  | Noticed a nagaraja
 34989 | Snake:1  | Found a runed translucent gate.
 34993 | Snake:1  | Found a runed translucent gate.
 34994 | Snake:1  | Found a runed translucent gate.
 34994 | Snake:1  | Noticed mfcas's ghost (journeyman DECj)
 35324 | Snake:1  | Found Xiots's Weapon Emporium.
 36589 | Snake:1  | Reached skill level 15 in Spellcasting
 37281 | Elf:1    | Entered Level 1 of the Elven Halls
 37363 | Elf:1    | HP: 4/94 [+1 war axe of electrocution (21)]
 37371 | Elf:1    | Slain by a +1 war axe of electrocution

Illustrated notes

Levels and vault maps discovered:
D:1:      amcnicky_arrival_choice, layout_loops_ring
D:2:      minmay_razor_zed, layout_loops_ring,
          ebering_ecumenical_altar_abandoned, due_unseen_surprise
D:3:      layout_rooms, serial_shops, nicolae_shop_advertising_works
          [nicolae_subvault_shop_adworks], minmay_joined_circles, uniq_ijyb,
          uniq_grinder, uniq_jessica, uniq_sigmund
D:4:      layout_basic, portal_sewer_entry_a, uniq_edmund
D:5:      kennysheep_spiral_hall, layout_loops_ring, minmay_temple_entry_grid,
          fountainhead, nicolae_fountain_basement, uniq_duvessa
D:6:      layout_rooms, mainiacjoe_overflow_alcove_3
D:7:      layout_cave_pods, uniq_harold
D:8:      layout_loops_cross, serial_shops, nicolae_shop_statue_plus,
          enter_ossuary_5, uniq_maggie
D:9:      layout_rooms, erik_lair_orcish_takeover, corexii_corridor_pit,
          uniq_pikel
D:10:     layout_rooms, mainiacjoe_overflow_catwalk, fedhas_altar_1,
          minmay_orc_entry_temple_small, enter_bailey_3, gammafunk_ghost_grave,
          minmay_beelzebubs_servants, uniq_nergalle
D:11:     layout_roguey, serial_shops, shop
D:12:     layout_long_grid
D:13:     layout_grid_maze, david_vaults_4, uniq_rupert, uniq_nessos,
          uniq_azrael, uniq_josephine
D:14:     layout_small_grid, grunt_decor_clamped
Temple:   lightli_temple_of_artemis
Lair:1:   layout_cellular_growth
Lair:2:   layout_chaotic_city, minmay_snake_entry_guardpost_small,
          beast_lair_carwin_6, uniq_gastronok
Lair:3:   layout_gridlike, nzn_masters_of_martial_movement, grunt_megastairs_4,
          infiniplex_staircase_pool_2, serial_bayou_shore_b
Lair:4:   layout_cave_pods, skrybe_swamp_entry_bodies, basic_altar,
          fungi_pond_lemuel, serial_bayou_shore_b
Lair:5:   dreamdust_labyrinth, layout_gridlike,
          minmay_slime_entry_oklob_enclosed
Snake:1:  layout_chambers, serial_shops, nicolae_shop_trees, shop,
          nicolae_shop_behind_doors, gammafunk_ghost_split,
          nicolae_specific_store, hangedman_snake_sidewinding
Orc:1:    layout_caves, serial_shops, shop
Orc:2:    pf_orc_diabolical, layout_diamond_mine, minmay_orc_keep
Elf:1:    layout_loops_ring, enter_trove_1, minivault_28, lemuel_upstairs_altar,
          uniq_roxanne

Skill      XL: |  1  2  3  4  5  6  7  8  9 10 11 12 13 14 15 |
---------------+----------------------------------------------+-----
Stealth        | 2 3 |  3.7
Dodging        | 4 5 6 7 8 9 |  9.0
Spellcasting   | 4 5 6 7 9 10 11 13 14 15 | 15.0
Conjurations   | 4 5 6 7 8 9 10 | 10.5
Air Magic      | 5 6 7 8 10 11 12 13 14 15 | 15.5
Fighting       | 1 2 |  2.4
Invocations    | 2 3 5 6 7 |  7.3
Shields        | 1 3 4 5 6 7 |  7.1
Translocations | 3 4 5 6 |  6.7
Hexes          | |  0.9

Action                   |  1- 3 |  4- 6 |  7- 9 | 10-12 | 13-15 || total
-------------------------+-------+-------+-------+-------+-------++-------
Melee: Unarmed           |     9 |    12 |    29 |    29 |       ||    79
       Tailslap          |     1 |     2 |     5 |    16 |    45 ||    69
       Hand axe          |       |       |       |    66 |   191 ||   257
       Bite              |       |       |       |       |    19 ||    19
       Punch             |       |       |       |       |     6 ||     6
 Cast: Shock             |    40 |    69 |   170 |   193 |    96 ||   568
       Static Discharge  |       |     6 |    45 |    18 |    51 ||   120
       Swiftness         |       |     5 |     2 |     1 |     2 ||    10
       Airstrike         |       |     2 |    27 |   141 |   194 ||   364
       Poisonous Vapours |       |       |       |    37 |   132 ||   169
       Corpse Rot        |       |       |       |     6 |     2 ||     8
       Iskenderun's Myst |       |       |       |    20 |    59 ||    79
       Sticky Flame      |       |       |       |     7 |    33 ||    40
       Fulminant Prism   |       |       |       |     6 |    13 ||    19
       Summon Lightning  |       |       |       |       |    51 ||    51
       Maxwell's Capacit |       |       |       |       |    10 ||    10
Invok: Ancestor Identity |       |       |     1 |       |       ||     1
       Transference      |       |       |       |     1 |     3 ||     4
       Ancestor Life: Ba |       |       |       |     1 |       ||     1
       Recall Ancestor   |       |       |       |       |     1 ||     1
 Abil: Breathe Acid      |       |       |    11 |     8 |    25 ||    44
  Use: Scroll            |     4 |     3 |     7 |    10 |    18 ||    42
       Potion            |     1 |       |     2 |     1 |     8 ||    12
 Stab: Sleeping          |     1 |       |       |     1 |     4 ||     6
       Distracted        |       |       |       |     1 |    10 ||    11
Armor: Skin              |     5 |     8 |    49 |    67 |   167 ||   296
Dodge: Dodged            |     8 |    46 |    95 |   153 |   345 ||   647
Block: Other             |       |       |       |    46 |    98 ||   144
       Reflection        |       |       |       |     4 |     5 ||     9
